 Dungeon Crawl Stone Soup version 0.28.0-49-g6dfe1f597d (webtiles) character file.

Game seed: 18073947012519891515

186 Gabide the Poker (level 5, -2/41 HPs)
             Began as a Human Monk on May 12, 2022.
             Was a Believer of Sif Muna.
             Slain by a scorpion (7 damage)
             ... on level 3 of the Dungeon.
             The game lasted 00:06:22 (3847 turns).

Gabide the Poker (Human Monk)                       Turns: 3847, Time: 00:06:22

Health: -2/41      AC:  6    Str: 14    XL:     5   Next: 97%
Magic:  5/5        EV: 11    Int: 10    God:    Sif Muna [**....]
Gold:   88         SH:  0    Dex: 15    Spells: 4/4 levels left

rFire   . . .      SeeInvis .   a - +0 spear (vorpal)
rCold   . . .      Faith    .   (no shield)
rNeg    + . .      Spirit   .   k - +0 ring mail
rPois   .          Reflect  .   (no helmet)
rElec   .          Harm     .   (no cloak)
rCorr   .          Rampage  .   l - +0 pair of gloves
Will    .....                   (no boots)
Stlth   +.........              (no amulet)
HPRegen 0.13/turn               i - ring of positive energy
MPRegen 0.09/turn               (no ring)

@: invisible
A: devolution 1
a: Renounce Religion, Channel Magic


You were on level 3 of the Dungeon.
You worshipped Sif Muna.
Sif Muna was pleased with you.
You visited 2 branches of the dungeon, and saw 5 of its levels.

You collected 88 gold pieces.

Inventory:

Hand Weapons
 a - a +0 vorpal spear (weapon)
Armour
 k - a +0 ring mail (worn)
 l - a +0 pair of gloves (worn)
Jewellery
 i - a ring of positive energy (left hand)
Potions
 c - a potion of degeneration


   Skills:
 - Level 3.0 Fighting
 + Level 5.2 Polearms
 - Level 3.0 Armour
 - Level 3.0 Dodging
 - Level 2.0 Stealth


You had 4 spell levels left.
You didn't know any spells.
Your spell library was empty.

Dungeon Overview and Level Annotations

Branches:
Dungeon (4/15)             Temple (1/1) D:4

Altars:
Ashenzari
Fedhas
Hepliaklqana
Makhleb
Nemelex Xobeh
Qazlal
Ru
Sif Muna
Trog
Uskayaw
Xom


Innate Abilities, Weirdness & Mutations

You have hidden genetic defects.


Message History

You feel less wooden.
Your +0 pair of gloves unmelds from your body.
Your +0 ring mail unmelds from your body.
The scorpion stings you but does no damage.
Training target 3.0 for Armour reached!
Your Armour skill increases to level 3!
You barely miss the scorpion. The scorpion barely misses you.
You strike the helpless scorpion from behind!
You hit the scorpion but do no damage. The scorpion closely misses you.
You hit the scorpion but do no damage. The scorpion barely misses you.
You hit the scorpion but do no damage. The scorpion closely misses you.
You catch the helpless scorpion completely off-guard!
You hit the scorpion.
The scorpion is moderately wounded.
The scorpion barely misses you.
You hit the scorpion but do no damage.
The scorpion is moderately wounded.
The scorpion barely misses you.
You strike the helpless scorpion from behind!
You hit the scorpion.
The scorpion is heavily wounded.
The scorpion closely misses you.
You hit the scorpion.
The scorpion is severely wounded.
The scorpion barely misses you.
You hit the scorpion.
The scorpion is almost dead.
The scorpion closely misses you.
You hit the scorpion but do no damage.
The scorpion is almost dead.
The scorpion barely misses you.
You closely miss the scorpion.
The scorpion is almost dead.
The scorpion stings you.
* * * LOW HITPOINT WARNING * * *
You catch the helpless scorpion completely off-guard!
You hit the scorpion but do no damage.
The scorpion is almost dead.
The scorpion stings you!
You die...

#.# #.# #.# #(# #.# #.#
#.# #.# #.# #.# #.# #.#
#.# #.# #.# #.#
##.############.#
##.#######..........>....#
............############.#
##.............)@sg[.....#
............##############
#########..## #..# ####


You could see a scorpion and a hobgoblin.

Vanquished Creatures
  3 orc wizards
  5 adders
  A worm (D:2)
  A dart slug (D:3)
  4 orcs (D:3)
  3 ball pythons
  5 endoplasms
  5 giant cockroaches
  3 goblins
  3 hobgoblins
  5 kobolds
  2 quokkas
  7 bats
  A frilled lizard (D:3)
  12 rats
60 creatures vanquished.

Vanquished Creatures (others)
  4 plants (D:4)
4 creatures vanquished.

Grand Total: 64 creatures vanquished

Notes
Turn   | Place    | Note
-------+----------+-------------------------------------------
     0 | D:1      | Gabide the Human Monk began the quest for the Orb.
     0 | D:1      | Reached XP level 1. HP: 18/18 MP: 1/1
   105 | D:1      | Found a faded altar of an unknown god.
   141 | D:1      | Reached XP level 2. HP: 24/24 MP: 2/2
  1156 | D:2      | Reached skill level 4 in Polearms
  1156 | D:2      | Reached XP level 3. HP: 14/29 MP: 3/3
  1525 | D:2      | Reached XP level 4. HP: 35/35 MP: 4/4
  1643 | D:2      | Reached skill level 1 in Armour
  2288 | D:3      | Found a broken altar of Ashenzari.
  3057 | D:3      | Reached XP level 5. HP: 9/41 MP: 5/5
  3309 | D:4      | Found a staircase to the Ecumenical Temple.
  3328 | Temple   | Entered the Ecumenical Temple
  3415 | Temple   | Became a worshipper of Sif Muna the Loreminder
  3415 | Temple   | Reached * piety under Sif Muna
  3415 | Temple   | Reached ** piety under Sif Muna
  3500 | D:4      | Reached skill level 5 in Polearms
  3823 | D:3      | Gained mutation: You have hidden genetic defects. [potion
                  | of mutation]
  3847 | D:3      | Slain by a scorpion

Illustrated notes

Levels and vault maps discovered:
D:1:      minmay_arrival_three_doors, layout_basic,
          hellmonk_ecumenical_altar_heavens_door
D:2:      layout_rooms, serial_corexii_hall, corexii_hall_statues_t,
          corexii_hall_statues_u, corexii_hall_statues_s,
          corexii_hall_statues_i, minmay_rat_gold_closets
D:3:      layout_loops_ring, ashenzari_altar_1, serial_bayou_pond_b,
          dk_vineyard_1, minmay_between
D:4:      layout_cave_pools, vehumet_crystals,
          minmay_temple_entry_gardened_gates, minmay_tree_intersection,
          uniq_eustachio
Temple:   eino_wide_crystal_templ

Skill      XL: |  1  2  3  4  5 |
---------------+----------------+-----
Polearms       | 4 5 |  5.2
Armour         | 2 3 |  3.0
Fighting       | |  3.0
Dodging        | |  3.0
Stealth        | |  2.0

Action                   |  1- 3 |  4- 6 || total
-------------------------+-------+-------++-------
Melee: Spear             |    80 |   232 ||   312
       Punch             |       |     3 ||     3
  Use: Scroll            |     1 |     6 ||     7
       Potion            |       |    13 ||    13
 Stab: Sleeping          |     6 |     7 ||    13
       Invisible         |       |    11 ||    11
Armor: Robe              |     5 |       ||     5
       Ring mail         |       |    64 ||    64
       Skin              |       |    50 ||    50
Dodge: Dodged            |    27 |    92 ||   119
